 Dungeon Crawl Stone Soup version 0.22-a0-305-gd21a89c (webtiles) character file.

52 tidbits the Sneak (level 3, -1/31 HPs)
             Began as a Gnoll Assassin on Mar 29, 2018.
             Slain by Sergey's ghost (4 damage)
             ... on level 3 of the Dungeon.
             The game lasted 00:03:39 (361 turns).

tidbits the Sneak (Gnoll Assassin)                   Turns: 361, Time: 00:03:40

Health: -1/31      AC:  3    Str: 13    XL:     3   Next: 85%
Magic:  4/4        EV: 13    Int: 14    God:
Gold:   23         SH:  0    Dex: 16    Spells: 3/3 levels left

rFire    . . .     SeeInvis .   k - +2 quarterstaff (chaos)
rCold    . . .     Gourm    .   (shield currently unavailable)
rNeg     . . .     Faith    .   B - +0 robe
rPois    .         Spirit   .   (no helmet)
rElec    .         Reflect  .   C - +0 cloak
rCorr    .         Harm     .   (no gloves)
MR       .....                  (no boots)
Stlth    ++++......             (no amulet)
HPRegen  0.10/turn              (no ring)
MPRegen  0.09/turn              (no ring)

@: no status effects
A: distributed training, fangs 1, strong nose
a: no special abilities


You were on level 3 of the Dungeon.
You were not hungry.

You visited 1 branch of the dungeon, and saw 3 of its levels.

You collected 23 gold pieces.

Inventory:

Hand Weapons
 a - a +2 dagger of draining
   (You took it off a goblin on level 2 of the Dungeon)
 d - a +2 dagger
 g - a +0 blowgun
 k - a +2 quarterstaff of chaos (weapon)
   (You took it off Crazy Yiuf on level 2 of the Dungeon)
Missiles
 e - 23 poisoned needles
 f - 2 curare-tipped needles
 j - 18 stones (quivered)
Armour
 l - a +0 cloak
 B - a +0 robe (worn)
 C - a +0 cloak (worn)
Scrolls
 b - 2 scrolls of random uselessness {unknown}
 i - a scroll of identify {unknown}
Comestibles
 c - 2 rations


   Skills:
 + Level 4.5 Fighting
 + Level 4.5 Short Blades
 + Level 0.9 Long Blades
 + Level 0.9 Axes
 + Level 0.9 Maces & Flails
 + Level 0.9 Polearms
 + Level 0.9 Staves
 + Level 0.9 Slings
 + Level 0.9 Bows
 + Level 0.9 Crossbows
 + Level 4.5 Throwing
 + Level 0.9 Armour
 + Level 2.6 Dodging
 + Level 7.8 Stealth
 + Level 0.9 Shields
 + Level 0.9 Unarmed Combat
 + Level 0.9 Spellcasting
 + Level 0.6 Conjurations
 + Level 0.6 Hexes
 + Level 0.6 Charms
 + Level 0.6 Summonings
 + Level 0.6 Necromancy
 + Level 0.6 Translocations
 + Level 0.6 Transmutations
 + Level 0.6 Fire Magic
 + Level 0.6 Ice Magic
 + Level 0.6 Air Magic
 + Level 0.6 Earth Magic
 + Level 0.6 Poison Magic
 + Level 1.0 Invocations
 + Level 0.9 Evocations


You had 3 spell levels left.
You didn't know any spells.

Dungeon Overview and Level Annotations

Branches:
Dungeon (3/15)

Altars:

Annotations:
D:3 Sergey's ghost, weakling BaWr


Innate Abilities, Weirdness & Mutations

Your experience applies equally to all skills.
You have very sharp teeth.
Your uncanny sense of smell can sniff out nearby items.


Message History

You spit the hobgoblin like a pig!!!
You kill the hobgoblin!
You have reached level 3!
Your experience leads to an increase in your attributes!
Increase (S)trength, (I)ntelligence, or (D)exterity?
You feel clever.
Things that are here:
a club; a hobgoblin corpse
Found 18 stones.
You see here 18 stones.
j - 18 stones HP restored.
A bat comes into view.
The helpless bat fails to defend itself.
You perforate the bat like a sieve!!!
You kill the bat!
Found a stone staircase leading down.
Found a runed door.
You open the door.
Crazy Yiuf the Enlightened comes into view.
He is wielding a quarterstaff of chaos.
Crazy Yiuf says, "Crazy?
Crazy!?
PORCUPINE!"
Found a mace.
There is an open door here.
You hit Crazy Yiuf but do no damage. You hit Crazy Yiuf.
Crazy Yiuf is lightly wounded.
Crazy Yiuf closely misses you.
You hit Crazy Yiuf. You drain Crazy Yiuf!
Crazy Yiuf is moderately wounded.
Crazy Yiuf laughs, "Whiteboard fast mumblescurry!"
Crazy Yiuf hits you with a quarterstaff of chaos.
You closely miss Crazy Yiuf.
Crazy Yiuf is moderately wounded.
Unknown command.
You hit Crazy Yiuf. You drain Crazy Yiuf!
Crazy Yiuf is almost dead.
Crazy Yiuf laughs, "Rifle turtle poople!"
Crazy Yiuf barely misses you.
You completely miss Crazy Yiuf.
Crazy Yiuf is almost dead.
Crazy Yiuf hits you with a quarterstaff of chaos.
You hit Crazy Yiuf. You drain Crazy Yiuf!
You kill Crazy Yiuf!
Your Invocations skill increases to level 1!
Things that are here:
a quarterstaff of chaos; a cloak
k - a quarterstaff of chaos;
l - a cloak Wear which item? (? for menu, Esc to quit)
You start removing your armour.
You continue taking off your +0 cloak. x4
You finish taking off your +0 cloak.
You start putting on your armour.
You continue putting on your cloak. x4
Magic restored.
You continue putting on your cloak.
You finish putting on your +0 cloak.
Adjust (i)tems, (s)pells, or (a)bilities?
Adjust which item? (? for menu, Esc to quit)
l - a +0 cloak (worn)
Adjust to which letter? (? for menu, Esc to quit)
C - a +0 cloak (worn);
l - a +0 cloak
There is an open door here.
There is a stone staircase leading down here.
You climb downwards.
There is a stone staircase leading up here.
Unknown command.
Found a scroll labeled ZORCHETRETA.
You see here a scroll labeled ZORCHETRETA.
b - 2 scrolls labeled ZORCHETRETA (gained 1)
Found 14 gold pieces.
Sergey's ghost (weakling Barachi Warper) comes into view.
Okay, then.
You see here 14 gold pieces.
You now have 23 gold pieces (gained 14).
It was a potion of curing.
You feel better.
Wield which item (- for none, * to show all)? (? for menu, Esc to quit)
Your +2 quarterstaff of chaos is briefly surrounded by a scintillating aura of random colours.
k - a +2 quarterstaff of chaos (weapon)
You catch the helpless Sergey's ghost completely off-guard!
You hit Sergey's ghost.
Sergey's ghost turns its malevolent gaze towards you.
Sergey's ghost flickers and vanishes!
Something hits you but does no damage.
Unknown command.
You hit something. Something hits you but does no damage. Something hits you.
You miss something. You bite something.
You hear some strange, mumbled words.
Something hits you!
You hit something.
Nothing appears to happen.
You bite something. You hit something. You freeze something.
Something hits you!
* * * LOW HITPOINT WARNING * * *
You hit something but do no damage. You hit something. Something hits you.
* * * LOW HITPOINT WARNING * * *
You hit something. Something hits you.
* * * LOW HITPOINT WARNING * * *
You hit something but do no damage. Something hits you.
You die...

#.#
#.#
#.#
#.#
#.#
#.#
#.#
#.#
#@#
#.#
#.#
#.#
#.#
#.#
#.#
#.#


There were no monsters in sight!

Vanquished Creatures
  Crazy Yiuf (D:2)
  An ooze (D:1)
  A leopard gecko (D:1)
  4 bats
  2 hobgoblins
  3 jackals (D:1)
  2 kobolds (D:1)
  4 goblins
  2 rats (D:1)
20 creatures vanquished.

Notes
Turn   | Place    | Note
-------+----------+-------------------------------------------
     0 | D:1      | tidbits the Gnoll Assassin began the quest for the Orb.
     0 | D:1      | Reached XP level 1. HP: 20/20 MP: 1/1
    54 | D:1      | Reached XP level 2. HP: 26/26 MP: 2/2
   191 | D:2      | Reached XP level 3. HP: 27/31 MP: 3/3
   286 | D:2      | Found a runed door.
   290 | D:2      | Noticed Crazy Yiuf
   298 | D:2      | Killed Crazy Yiuf
   298 | D:2      | Reached skill level 1 in Invocations
   338 | D:3      | Noticed Sergey's ghost (weakling BaWr)
   359 | D:3      | HP: 3/31 [something (2)]
   361 | D:3      | Slain by Sergey's ghost

Vault maps used:
D:1:      onia_arrival_pyramid
D:2:      kennysheep_the_goblin_king, kiku_gazebo_garden_becter, first_ration,
          uniq_crazy_yiuf_cottage
D:3:      uniq_jessica

Skill      XL: |  1  2  3 |
---------------+----------+-----
Invocations    | 1 |  1.0
Fighting       | |  4.5
Short Blades   | |  4.5
Long Blades    | |  0.9
Axes           | |  0.9
Maces & Flails | |  0.9
Polearms       | |  0.9
Staves         | |  0.9
Slings         | |  0.9
Bows           | |  0.9
Crossbows      | |  0.9
Throwing       | |  4.5
Armour         | |  0.9
Dodging        | |  2.6
Stealth        | |  7.8
Shields        | |  0.9
Unarmed Combat | |  0.9
Spellcasting   | |  0.9
Conjurations   | |  0.6
Hexes          | |  0.6
Charms         | |  0.6
Summonings     | |  0.6
Necromancy     | |  0.6
Translocations | |  0.6
Transmutations | |  0.6
Fire Magic     | |  0.6
Ice Magic      | |  0.6
Air Magic      | |  0.6
Earth Magic    | |  0.6
Poison Magic   | |  0.6
Evocations     | |  0.9

Action                   || total
-------------------------++-------
Melee: Dagger            ||    63
       Bite              ||     4
       Quarterstaff      ||     9
  Use: Potion            ||     1
 Stab: Sleeping          ||     5
       Distracted        ||     1
Armor: Robe              ||    11
Dodge: Dodged            ||    38

Table legend:
 A = Spawn XP
 B = Non-spawn XP
 C = Spawn XP percentage of total XP
 D = Spawn monster count
 E = Non-spawn monster count
 F = Spawn count percentage of total count
 G = Total turns spent on level
                    A         B        C        D         E        F      G
               +---------+---------+-------+---------+---------+-------+---------
         Total |       0 |      75 |   0.0 |       0 |      20 |   0.0 |   361
               +---------+---------+-------+---------+---------+-------+---------
           D:1 |       0 |      30 |   0.0 |       0 |      15 |   0.0 |   160
           D:2 |       0 |      45 |   0.0 |       0 |       5 |   0.0 |   163
               +---------+---------+-------+---------+---------+-------+---------

Table legend:
 A = Turns spent in this place as a percentage of turns spent in the entire game.
 B = Non-inter-level travel turns spent in this place as a percentage of non-inter-level travel turns spent in the entire game.
 C = Inter-level travel turns spent in this place as a percentage of turns spent in this place.
 D = Turns resting spent in this place as a percentage of non-inter-level travel turns spent in this place.
 E = Turns spent auto-exploring this place as a percentage of non-inter-level travel turns spent in this place.
 F = Non-inter-level travel turns spent in this place divided by the number of levels of this place that you've seen.
                   A       B       C       D       E      F
               +-------+-------+-------+-------+-------+----------------------
         Total | 100.0 | 100.0 |   0.0 |   0.0 |   0.0 | 120.3
       Dungeon | 100.0 | 100.0 |   0.0 |   0.0 |   0.0 | 120.3
               +-------+-------+-------+-------+-------+----------------------

Table legend:
 A = Kills in this place as a percentage of kills in entire the game.
 B = Kills by you in this place as a percentage of kills by you in the entire game.
 C = Kills by friends in this place as a percentage of kills by friends in the entire game.
 D = Other kills in this place as a percentage of other kills in the entire game.
 E = Experience gained in this place as a percentage of experience gained in the entire game.
 F = Experience gained in this place divided by the number of levels of this place that you have seen.
                   A       B       C       D       E      F
               +-------+-------+-------+-------+-------+----------------------
         Total | 100.0 | 100.0 |   N/A |   N/A | 100.0 |  25.0
       Dungeon | 100.0 | 100.0 |   N/A |   N/A | 100.0 |  25.0
               +-------+-------+-------+-------+-------+----------------------

Vault maps used:
D:1:      onia_arrival_pyramid
D:2:      kennysheep_the_goblin_king, kiku_gazebo_garden_becter, first_ration,
          uniq_crazy_yiuf_cottage
D:3:      uniq_jessica
